 Dungeon Crawl Stone Soup version 0.28-a0-1159-g27aa881441 (webtiles) character file.

Game seed: 11001765461724832581

1419 vineage the Fighter (level 8, -4/85 HPs)
             Began as a Minotaur Fighter on Dec 15, 2021.
             Was an Initiate of Okawaru.
             Slain by a two-headed ogre (26 damage)
             ... on level 5 of the Dungeon.
             The game lasted 00:06:23 (5587 turns).

vineage the Fighter (Minotaur Fighter)              Turns: 5587, Time: 00:06:24

Health: -4/85      AC: 11    Str: 21    XL:     8   Next: 43%
Magic:  7/7        EV: 10    Int:  5    God:    Okawaru [......]
Gold:   216        SH:  4    Dex: 12    Spells: 7/7 levels left

rFire   . . .      SeeInvis .   a - +0 flail (spect)
rCold   . . .      Faith    .   c - +0 buckler
rNeg    . . .      Spirit   .   b - +0 scale mail
rPois   .          Reflect  .   (helmet restricted)
rElec   .          Harm     .   d - +0 cloak
rCorr   .          Rampage  .   i - +1 pair of gloves
Will    +....                   o - +0 pair of boots
Stlth   ..........              (no amulet)
HPRegen 0.24/turn               (no ring)
MPRegen 0.10/turn               (no ring)

@: no status effects
A: horns 2, retaliatory headbutt, strong-willed 1, sturdy frame 1
a: Renounce Religion


You were on level 5 of the Dungeon.
You worshipped Okawaru.
Okawaru was noncommittal.
You visited 2 branches of the dungeon, and saw 7 of its levels.

You collected 216 gold pieces.

Inventory:

Hand Weapons
 a - a +0 spectral flail (weapon)
Armour
 b - a +0 scale mail (worn)
 c - a +0 buckler (worn)
 d - a +0 cloak (worn)
 i - a +1 pair of gloves (worn)
 o - a +0 pair of boots (worn)
Jewellery
 k - an amulet of magic regeneration
Scrolls
 h - 2 scrolls of brand weapon
 l - a scroll of identify
 n - 2 scrolls of magic mapping
 p - a scroll of fear {unknown}
 q - a scroll of enchant armour {unknown}
Potions
 e - a potion of flight {unknown}
 f - 2 potions of cancellation
 g - 6 potions of curing
 j - a potion of mutation
 m - 2 potions of degeneration {unknown}


   Skills:
 + Level 12.9 Fighting
 - Level 2.4 Maces & Flails
 - Level 3.6 Armour
 - Level 3.6 Shields


You had 7 spell levels left.
You didn't know any spells.
Your spell library contained the following spells:

 Spells                   Type           Power      Damage    Failure   Level
 Ensorcelled Hibernation  Hex/Ice        0%         N/A       85%         2
 Spider Form              Tmut/Pois      0%         N/A       97%         3


Dungeon Overview and Level Annotations

Branches:
Dungeon (6/15)             Temple (1/1) D:5

Altars:
Ashenzari
Dithmenos
Elyvilon
Fedhas
Kikubaaqudgha
Nemelex Xobeh
Okawaru
Qazlal
Ru
Sif Muna
Trog
Vehumet
Xom
Yredelemnul
Zin
The Shining One

Shops:
D:5 *


Innate Abilities, Weirdness & Mutations

You have a pair of horns on your head.
You reflexively headbutt those who attack you in melee.
You are strong-willed. (Will+)
Your movements are slightly less encumbered by armour. (ER -2)


Message History

The orc hits you but does no damage.
You climb upwards.
You feel sick.
There is a stone staircase leading down here.
You closely miss the orc. You headbutt the orc.
You kill the orc!
Okawaru accepts your kill.
You feel sick.
You are no longer poisoned.
The adder bites you.
You are poisoned.
The adder poisons you! The adder bites you but does no damage.
You sock the orc!
You kill the orc!
Okawaru accepts your kill.
You feel sick. The adder barely misses you.
You feel sick.
Items here: )))) †††.
You feel sick.
You are no longer poisoned.
Okay, then.
You feel better. The two-headed ogre barely misses you.
You furiously retaliate!
You headbutt the two-headed ogre!
The two-headed ogre hits you with a +0 giant club!!
You barely miss the two-headed ogre.
The two-headed ogre is lightly wounded.
The two-headed ogre barely misses you.
The two-headed ogre hits you with a +0 giant club!!
You sock the two-headed ogre!
The two-headed ogre is moderately wounded.
The two-headed ogre hits you with a +0 giant club!
* * * LOW HITPOINT WARNING * * *
The two-headed ogre hits you but does no damage.
You hit the two-headed ogre.
The two-headed ogre is moderately wounded.
The two-headed ogre barely misses you. The two-headed ogre closely misses you.
You hit the two-headed ogre but do no damage.
The two-headed ogre is moderately wounded.
The two-headed ogre barely misses you.
The two-headed ogre hits you with a +0 giant club!!
You die...

.#.# #....# #.### .#.#
####.# #.# .#.# #.#
##########.## .#.# ###.###
#...........# .#.# #.....#
#.########).#
.#.####.###.####.# #####..#
.#......# #...##.# #......#
.######.###.#.##.# #.####.#
............#.##@####.####.#
.###.#.##.###.##O##.....##.#
.#)#.)..#.# #.##S##.....##.#
##+####.#.###.##...........#
#^# #..........##.....####
#.# ##.#.###.##)##...<.#
^#.#^.#.......##>[....###
§#.#^##...#############
^#.#h.#.###


You could see a two-headed ogre and an adder.

Vanquished Creatures
  A water moccasin (D:5)
  A necrophage (D:5)
  A black bear (D:5)
  2 ogres
  A bullfrog (D:4)
  A scorpion (D:4)
  A water moccasin skeleton (D:5)
  A vampire bat (D:4)
  A hound (D:4)
  2 bullfrog zombies (D:5)
  A centaur zombie (D:5)
  Crazy Yiuf (D:2)
  A bullfrog skeleton (D:5)
  4 orc priests
  8 orc wizards
  Natasha (D:2)
  Robin (D:2)
  5 adders
  6 dart slugs
  3 fire bats (D:4)
  16 orcs
  2 spectral bats (D:4)
  3 bat skeletons (D:4)
  A bat zombie (D:4)
  3 endoplasms
  2 giant cockroaches
  22 goblins
  6 hobgoblins
  4 jackals
  4 quokkas
  9 ball pythons
  13 bats
  A bat simulacrum (D:4)
  4 frilled lizards
  6 kobolds
  A quokka skeleton (D:4)
  3 rats
143 creatures vanquished.

Vanquished Creatures (others)
  3 plants (D:1)
3 creatures vanquished.

Grand Total: 146 creatures vanquished

Notes
Turn   | Place    | Note
-------+----------+-------------------------------------------
     0 | D:1      | vineage the Minotaur Fighter began the quest for the Orb.
     0 | D:1      | Reached XP level 1. HP: 19/19 MP: 0/0
    53 | D:1      | Reached skill level 4 in Fighting
    57 | D:1      | Reached XP level 2. HP: 27/28 MP: 1/1
   758 | D:1      | Reached skill level 5 in Fighting
   978 | D:1      | Reached XP level 3. HP: 36/36 MP: 2/2
  1078 | D:2      | Found a blossoming altar of Fedhas.
  1297 | D:2      | Noticed Robin
  1338 | D:2      | Killed Robin
  1339 | D:2      | Reached skill level 6 in Fighting
  1339 | D:2      | Reached XP level 4. HP: 30/44 MP: 3/3
  1553 | D:2      | Found a runed translucent door.
  1554 | D:2      | Noticed Crazy Yiuf
  1563 | D:2      | Killed Crazy Yiuf
  2095 | D:2      | Noticed Natasha
  2100 | D:2      | Killed Natasha
  2101 | D:2      | Reached skill level 7 in Fighting
  2101 | D:2      | Reached XP level 5. HP: 52/52 MP: 4/4
  2943 | D:3      | Found a faded altar of an unknown god.
  3213 | D:3      | Found a blossoming altar of Fedhas.
  3596 | D:4      | Reached skill level 8 in Fighting
  3596 | D:4      | Reached XP level 6. HP: 52/61 MP: 5/5
  3766 | D:4      | Reached skill level 9 in Fighting
  3860 | D:4      | Found a shadowy altar of Dithmenos.
  3865 | D:4      | Found a shimmering blue altar of Sif Muna.
  3869 | D:4      | Found a glowing silver altar of Zin.
  3870 | D:4      | Found a stormy altar of Qazlal.
  3997 | D:4      | Found a sparkling altar of Nemelex Xobeh.
  4093 | D:4      | Reached XP level 7. HP: 53/71 MP: 6/6
  4186 | D:4      | Gained mutation: You are strong-willed. (Will+) [potion of
                  | mutation]
  4186 | D:4      | Gained mutation: Your movements are slightly less
                  | encumbered by armour. (ER -2) [potion of mutation]
  4308 | D:4      | Reached skill level 10 in Fighting
  4442 | D:5      | Entered Level 5 of the Dungeon
  4853 | D:5      | Reached skill level 11 in Fighting
  4991 | D:5      | Found Deol's General Store.
  5007 | D:5      | Found a staircase to the Ecumenical Temple.
  5036 | Temple   | Entered the Ecumenical Temple
  5084 | Temple   | Became a worshipper of Warmaster Okawaru
  5152 | D:5      | Reached XP level 8. HP: 79/82 MP: 7/7
  5254 | D:5      | Found a glowing golden altar of the Shining One.
  5260 | D:5      | Reached skill level 12 in Fighting
  5563 | D:6      | Noticed a two-headed ogre
  5587 | D:5      | Slain by a two-headed ogre

Illustrated notes

Levels and vault maps discovered:
D:1:      heliophobic_arrival_dark_side_of_the_moon, layout_loops_ring,
          serial_bayou_crossing
D:2:      layout_basic, basic_altar, moated_statue, minmay_goblin_outpost,
          uniq_crazy_yiuf_cottage, uniq_natasha, uniq_robin
D:3:      layout_loops_corners, mainiacjoe_overflow_alcove_4,
          nicolae_ecumenical_lake_church
D:4:      layout_gridville, nemelex_spade_bored_becter,
          grunt_temple_overflow_open, minmay_strange_pillars, goddamned_bats
D:5:      layout_loops_ring, nicolae_overflow_crystal_walls,
          minmay_temple_entry_statues, serial_shops, shop, grunt_tough_drop
D:6:      layout_cave_pools, old_standard_altar, kennysheep_generic_room_15
Temple:   jpeg_temple_island

Skill      XL: |  1  2  3  4  5  6  7  8 |
---------------+-------------------------+-----
Fighting       | 4 5 6 7 8 9 11 12 | 12.9
Maces & Flails | |  2.4
Armour         | |  3.6
Shields        | |  3.6

Action                   |  1- 3 |  4- 6 |  7- 9 || total
-------------------------+-------+-------+-------++-------
Melee: Flail             |   102 |    76 |   108 ||   286
       Headbutt          |    15 |    13 |    19 ||    47
  Use: Scroll            |     5 |     2 |     2 ||     9
       Potion            |       |     1 |     2 ||     3
Armor: Scale mail        |    46 |    33 |    80 ||   159
Dodge: Dodged            |    63 |    32 |    80 ||   175
Block: Buckler           |    26 |    12 |    25 ||    63

Table legend: (Time is in decaauts)
 A = Elapsed time spent in this place.
 B = Non-inter-level travel time spent in this place.
 C = Inter-level travel time spent in this place.
 D = Time resting spent in this place.
 E = Time spent auto-exploring this place.
 F = Levels seen in this place.
 G = Mean time per level.
                   A        B        C        D        E       F      G
               +--------+--------+--------+--------+--------+-----+--------+
         Total |   5684 |   5218 |    466 |     43 |   4368 |   7 |  812.0 |
       Dungeon |   5596 |   5173 |    423 |     43 |   4330 |   6 |  932.7 |
        Temple |     87 |     44 |     43 |      0 |     38 |   1 |   87.0 |
               +--------+--------+--------+--------+--------+-----+--------+

Top non-repeatable levels by time:
     D:2: 1431 daAuts
     D:1: 1099 daAuts
     D:5: 1074 daAuts
     D:3: 1004 daAuts
     D:4: 980 daAuts
  Temple: 87 daAuts
     D:6: 6 daAuts
